 Dungeon Crawl Stone Soup version 0.27.0-65-ge2af304b15 (webtiles) character file.

Game seed: 16539581160094756328

285 Spectrina the Covert (level 6, -2/46 HPs)
             Began as a Vampire Delver on Aug 18, 2021.
             Was a Follower of Kikubaaqudgha.
             Slain by a black bear (5 damage)
             ... on level 5 of the Dungeon.
             The game lasted 00:16:07 (1086 turns).

Spectrina the Covert (Vampire Delver)               Turns: 1086, Time: 00:16:08

Health: -2/46      AC:  6    Str: 12    XL:     6   Next: 7%
Magic:  6/6        EV:  9    Int: 13    God:    Kikubaaqudgha [*.....]
Gold:   186        SH:  0    Dex: 16    Spells: 2/5 levels left

rFire    . . .     SeeInvis +   i - +0 whip (venom)
rCold    + . .     Faith    .   (no shield)
rNeg     . . .     Spirit   .   h - +0 scale mail {rC+}
rPois    .         Reflect  .   (no helmet)
rElec    .         Harm     .   (no cloak)
rCorr    .         Rampage  .   (no gloves)
Will     .....                  (no boots)
Stlth    +++.......             (no amulet)
HPRegen  0.35/turn              (no ring)
MPRegen  0.10/turn              (no ring)

@: healing quickly
A: alive, fangs 3, see invisible, vampiric 2
a: Exsanguinate, Renounce Religion, Receive Corpses


You were on level 5 of the Dungeon.
You worshipped Kikubaaqudgha.
Kikubaaqudgha was aware of your devotion.
You visited 1 branch of the dungeon, and saw 5 of its levels.

You collected 186 gold pieces.

Inventory:

Hand Weapons
 a - a +0 short sword
 i - a +0 whip of venom (weapon)
 w - a +0 long sword
Missiles
 q - 40 bolts
 r - 3 throwing nets (quivered)
 t - 8 sling bullets
 u - 55 stones
 y - 11 boomerangs
Armour
 b - a +0 leather armour
 h - a +0 scale mail of cold resistance (worn)
 s - a +0 tower shield
Magical Staves
 z - a staff of fire
Wands
 g - a wand of digging (3)
Scrolls
 c - a scroll of fog
 d - a scroll of magic mapping
 e - a scroll of fear
 l - a scroll of identify {unknown}
 m - a scroll of blinking {unknown}
 n - 2 scrolls of amnesia {unknown}
 o - a scroll of immolation {unknown}
 v - a scroll of noise {unknown}
 x - 5 scrolls of enchant armour {unknown}
Potions
 f - a potion of haste
 j - a potion of lignification
 k - a potion of curing
 p - 2 potions of heal wounds {unknown}
 A - 2 potions of brilliance {unknown}


   Skills:
 - Level 2.6 Fighting
 - Level 4.0 Short Blades
 - Level 2.1 Dodging
 + Level 9.3 Stealth
 + Level 3.9 Necromancy


You had 2 spell levels left.
You knew the following spells:

 Your Spells              Type           Power      Damage    Failure   Level
p - Animate Skeleton      Necr           20%        N/A       34%         1
q - Corpse Rot            Necr/Air       N/A        N/A       75%         2

Your spell library contained the following spells:

 Spells                   Type           Power      Damage    Failure   Level
 Pain                     Necr           40%        1d6       34%         1
 Beastly Appendage        Tmut           0%         N/A       86%         1
 Magic Dart               Conj           0%         1d3       86%         1
 Call Imp                 Summ           0%         N/A       95%         2
 Wereblood                Tmut           0%         N/A       95%         2
 Vampiric Draining        Necr           5%         2d6       71%         3
 Mephitic Cloud           Conj/Pois/Air  0%         N/A       99%         3
 Spider Form              Tmut/Pois      0%         N/A       99%         3
 Leda's Liquefaction      Hex/Erth       0%         N/A       100%        4
 Bolt of Magma            Conj/Fire/Erth 0%         4d4       100%        5
 Statue Form              Tmut/Erth      0%         N/A       100%        6


Dungeon Overview and Level Annotations

Branches:
Dungeon (5/15)
 Temple: D:4-7

Altars:
Gozag
Kikubaaqudgha
Makhleb
Qazlal
Trog
Uskayaw
Wu Jian
The Shining One


Innate Abilities, Weirdness & Mutations

Your natural rate of healing is accelerated.
You have razor-sharp teeth.
You have supernaturally acute eyesight. (SInv)
You are afflicted with vampirism and can become a bat while bloodless.


Message History

The black bear bites you. The black bear closely misses you. x2
You hit the black bear.
The black bear looks as sick as possible!
The black bear is heavily wounded.
The black bear bites you but does no damage.
The black bear claws you.
The black bear claws you but does no damage.
You hit the black bear.
The black bear looks as sick as possible!
The black bear is heavily wounded.
The black bear completely misses you. The black bear closely misses you.
The black bear claws you but does no damage.
You hit the black bear.
The black bear looks as sick as possible!
The black bear is heavily wounded.
The black bear goes berserk!
You closely miss the black bear.
The black bear is severely wounded.
The black bear bites you but does no damage.
The black bear closely misses you.
The black bear claws you but does no damage.
The black bear bites you! The black bear closely misses you.
The black bear claws you. The black bear bites you!
The black bear barely misses you. The black bear claws you.
You hit the black bear.
The black bear looks as sick as possible!
The black bear is almost dead.
The black bear bites you. The black bear misses you. The black bear claws you.
Unknown command.
The black bear bites you!
* * * LOW HITPOINT WARNING * * *
The black bear claws you.
* * * LOW HITPOINT WARNING * * *
The black bear claws you.
* * * LOW HITPOINT WARNING * * *
Unknown command.
The black bear bites you.
You die...
Kikubaaqudgha rasps: "You have failed me!
Welcome... death!"

##############
.............#
.............#
######.
#####.........#
.......
..............#
######...
####..@h.....#
# ...
..............#
...
......#.......#
...
##########.####
#.# #.# #.# ##
#.# #.# .. #.#
##'## .# #.#
##...## .#


You could see a black bear (berserk, extremely poisoned).

Vanquished Creatures
  A necrophage (D:4)
  A scorpion (D:4)
  A howler monkey (D:4)
  Natasha (D:4)
  5 adders
  3 worms
  3 bats
  3 endoplasms
  A giant cockroach (D:3)
  2 goblins (D:2)
  A hobgoblin (D:4)
  A quokka (D:3)
  3 ball pythons
  A frilled lizard (D:3)
  3 kobolds
  3 rats (D:3)
33 creatures vanquished.

Vanquished Creatures (others)
  4 plants (D:2)
4 creatures vanquished.

Grand Total: 37 creatures vanquished

Notes
Turn   | Place    | Note
-------+----------+-------------------------------------------
     0 | D:5      | Spectrina the Vampire Delver began the quest for the Orb.
     0 | D:5      | Reached XP level 1. HP: 17/17 MP: 1/1
    13 | D:5      | Became a worshipper of Kikubaaqudgha
    57 | D:4      | Noticed Natasha
    57 | D:4      | You fall into a shaft and drop 1 floor!
    74 | D:4      | Noticed a necrophage
   103 | D:4      | Killed a necrophage
   104 | D:4      | Reached skill level 8 in Stealth
   104 | D:4      | Reached XP level 2. HP: 23/23 MP: 2/2
   104 | D:4      | Gained mutation: You are afflicted with vampirism and can
                  | become a bat while bloodless. [Vampire growth]
   104 | D:4      | Reached XP level 3. HP: 28/28 MP: 3/3
   104 | D:4      | Reached XP level 4. HP: 34/34 MP: 4/4
   106 | D:4      | Noticed a scorpion
   116 | D:4      | Killed a scorpion
   117 | D:4      | Reached XP level 5. HP: 39/39 MP: 5/5
   160 | D:4      | Found a stormy altar of Qazlal.
   187 | D:4      | Killed Natasha
   269 | D:4      | Found a burning altar of Makhleb.
   271 | D:4      | Noticed a cacodemon
   319 | D:3      | Found a bloodstained altar of Trog.
   338 | D:3      | Found an ornate altar of the Wu Jian Council.
   399 | D:3      | Reached skill level 9 in Stealth
   488 | D:2      | You fall into a shaft and drop 1 floor!
   533 | D:3      | Reached * piety under Kikubaaqudgha
   533 | D:3      | Received a gift from Kikubaaqudgha
   540 | D:3      | Learned a level 2 spell: Corpse Rot
   542 | D:3      | Learned a level 1 spell: Animate Skeleton
   579 | D:3      | Found an opulent altar of Gozag.
   611 | D:3      | Upgraded the game from 0.27.0-1-g7a089689b8 to
                  | 0.27.0-65-ge2af304b15
   642 | D:3      | Found a hide-covered altar of Uskayaw.
   745 | D:3      | Reached XP level 6. HP: 37/46 MP: 6/6
   882 | D:2      | Found a faded altar of an unknown god.
  1084 | D:5      | HP: 2/46 [black bear (5)]
  1086 | D:5      | Slain by a black bear

Illustrated notes

Levels and vault maps discovered:
D:1:      lightli_arrival_chessboard, layout_loops_ring, minmay_misc_feat_x,
          moated_statue, chequers_serial_rivers_small_b
D:2:      layout_basic, shapermc_ecumenical_altar_mp_vishouse, serial_bayou,
          serial_bayou_pond_c, serial_bayou_shore_b, serial_bayou_pond_c,
          serial_bayou_ford_a, uniq_crazy_yiuf_cottage
D:3:      layout_basic, mainiacjoe_overflow_paths,
          minmay_overflow_temple_star_quad, lemuel_round_altar,
          gammafunk_ghost_grave, chequers_serial_rivers_small_a,
          saegor_snake_ambush
D:4:      layout_rooms, makhleb_altar_promises_db, grunt_qazlal_clouds,
          uniq_natasha
D:5:      layout_loops_corners, amcnicky_altar_gilded

Skill      XL: |  1  2  3  4  5 |
---------------+----------------+-----
Short Blades   | 3 4 |  4.0
Stealth        | 8 9 |  9.3
Necromancy     | 2 3 |  3.9
Fighting       | |  2.6
Dodging        | |  2.1

Action                   |  1- 3 |  4- 6 || total
-------------------------+-------+-------++-------
Melee: Unarmed           |     6 |     7 ||    13
       Short sword       |     3 |       ||     3
       Bite              |     1 |    12 ||    13
       Whip              |       |    99 ||    99
  Use: Potion            |     1 |       ||     1
 Stab: Sleeping          |     1 |     8 ||     9
Armor: Skin              |     5 |     6 ||    11
       Leather armour    |     2 |     2 ||     4
       Scale mail        |       |    22 ||    22
Dodge: Dodged            |     4 |    50 ||    54
